[ AOE2 MATCH · #480596334 ]
Team RMSpanish vs Bulgarians
[ REPLAY ANALYSIS · EXTRACTED FROM THE RECORDED GAME ]
Feudal
14:23
Castle
25:11
Imperial
—
| APM avg | 16.4 |
| APM peak | 62 |
| eAPM avg | 7.2 |
| Villagers / military | 54 / 3 |
Focus
⚔️ 8.4% · 🌾 91.6%
Scout Cavalry ×3
Feudal
16:21
Castle
23:37
Imperial
—
| APM avg | 5.9 |
| APM peak | 14 |
| eAPM avg | 4.2 |
| Villagers / military | 40 / 0 |
Focus
⚔️ 8.7% · 🌾 91.3%
Feudal
14:58
Castle
26:47
Imperial
—
| APM avg | 12.3 |
| APM peak | 39 |
| eAPM avg | 7.5 |
| Villagers / military | 39 / 18 |
Focus
⚔️ 19.1% · 🌾 80.9%
Spearman ×9 · Fishing Ship ×7 · Knight ×3 · Skirmisher ×2 · Battering Ram ×2 · Scout Cavalry ×2
Feudal
—
Castle
—
Imperial
—
| APM avg | 0.1 |
| APM peak | 2 |
| eAPM avg | 0.1 |
| Villagers / military | 0 / 0 |
Match map
Initial resources + every placement click. Lines = walls · curves = elevation contours. ◆ gold · ⬟ stone · ● berries · ✦ relic · ◌ wall gap
Your base· Open — unwalled flank
MrAlwaysWins's base· Open — unwalled flank
a.mglass's base· Open — unwalled flank
No Drama Lama's base· Open — 8t gap
Smoothed initial terrain · ◌ = detected wall gap · hover for details
Inputs per minute
— leehunt85 - - MrAlwaysWins
Build order — leehunt85
111 actions detected in the replay
| 0:25 | Build | Town Center |
| 1:55 | Build | House |
| 2:45 | Create | Villager (Male) |
| 2:45 | Create | Villager (Male) |
| 2:45 | Create | Villager (Male) |
| 2:46 | Create | Villager (Male) |
| 3:29 | Build | House |
| 3:36 | Build | House |
| 4:33 | Create | Villager (Male) |
| 4:53 | Create | Villager (Male) |
| 5:34 | Create | Villager (Male) |
| 5:34 | Create | Villager (Male) |
| 6:06 | Create | Villager (Male) |
| 6:06 | Create | Villager (Male) |
| 6:20 | Create | Villager (Male) |
| 6:40 | Build | Mill |
| 6:58 | Create | Villager (Male) |
| 6:59 | Create | Villager (Male) |
| 7:11 | Create | Villager (Male) |
| 7:30 | Create | Villager (Male) |
| 7:52 | Build | Mining Camp |
| 8:14 | Create | Villager (Male) |
| 8:14 | Create | Villager (Male) |
| 8:34 | Build | House |
| 8:41 | Build | House |
| 8:58 | Build | House |
| 9:05 | Create | Villager (Male) |
| 9:06 | Create | Villager (Male) |
| 9:06 | Create | Villager (Male) |
| 9:28 | Create | Villager (Male) |
| 9:29 | Create | Villager (Male) |
| 10:06 | Build | House |
| 10:09 | Build | House |
| 10:48 | Build | House |
| 11:09 | Build | Barracks |
| 12:13 | Research | Feudal Age |
| 12:48 | Research | Loom |
| 12:48 | Create | Villager (Male) |
| 12:48 | Create | Villager (Male) |
| 12:48 | Create | Villager (Male) |
| 12:55 | Build | Mining Camp |
| 13:11 | Build | Farm |
| 13:16 | Build | Farm |
| 13:23 | Build | Farm |
| 13:33 | Build | Farm |
| 13:42 | Build | Farm |
| 13:55 | Build | Farm |
| 14:01 | Create | Villager (Male) |
| 14:01 | Create | Villager (Male) |
| 14:04 | Create | Villager (Male) |
| 14:23 | Age | Feudal Age |
| 14:24 | Create | Villager (Male) |
| 14:25 | Create | Villager (Male) |
| 14:55 | Research | Horse Collar |
| 14:59 | Create | Villager (Male) |
| 15:16 | Build | Stable |
| 15:22 | Create | Villager (Male) |
| 16:00 | Build | Farm |
| 16:07 | Research | Bloodlines |
| 16:26 | Create | Scout Cavalry |
| 16:43 | Build | Blacksmith |
| 16:58 | Create | Scout Cavalry |
| 17:24 | Build | Market |
| 18:05 | Build | Archery Range |
| 18:17 | Create | Scout Cavalry |
| 19:06 | Create | Villager (Male) |
| 19:06 | Create | Villager (Male) |
| 19:15 | Build | Mining Camp |
| 20:30 | Build | Farm |
| 20:38 | Build | Farm |
| 21:26 | Build | House |
| 21:36 | Build | House |
| 21:42 | Build | House |
| 21:46 | Build | House |
| 21:51 | Build | House |
| 21:54 | Build | House |
| 22:31 | Research | Castle Age |
| 22:41 | Research | Padded Archer Armor |
| 23:02 | Create | Villager (Male) |
| 24:34 | Build | House |
| 24:38 | Build | House |
| 24:41 | Build | House |
| 24:46 | Build | House |
| 25:11 | Age | Castle Age |
| 25:13 | Build | Town Center |
| 25:30 | Create | Villager (Male) |
| 25:30 | Create | Villager (Male) |
| 25:30 | Create | Villager (Male) |
| 25:31 | Create | Villager (Male) |
| 25:43 | Research | Scale Barding Armor |
| 26:48 | Create | Villager (Male) |
| 26:49 | Create | Villager (Male) |
| 26:49 | Create | Villager (Male) |
| 26:49 | Create | Villager (Male) |
| 26:49 | Create | Villager (Male) |
| 27:36 | Research | Light Cavalry (upgrade) |
| 27:45 | Create | Villager (Male) |
| 27:45 | Create | Villager (Male) |
| 27:53 | Build | Market |
| 28:03 | Create | Villager (Male) |
| 28:03 | Create | Villager (Male) |
| 28:29 | Build | Monastery |
| 28:34 | Build | University |
| 29:20 | Create | Villager (Male) |
| 29:20 | Create | Villager (Male) |
| 29:20 | Create | Villager (Male) |
| 29:56 | Create | Villager (Male) |
| 29:56 | Create | Villager (Male) |
| 29:57 | Create | Villager (Male) |
| 30:04 | Research | Heavy Plow |
| 30:35 | Research | Forging |
Build order — MrAlwaysWins
74 actions detected in the replay
| 0:18 | Build | Town Center |
| 2:49 | Create | Villager (Male) |
| 2:50 | Create | Villager (Male) |
| 2:50 | Create | Villager (Male) |
| 2:50 | Create | Villager (Male) |
| 2:50 | Create | Villager (Male) |
| 4:04 | Create | Villager (Male) |
| 4:04 | Create | Villager (Male) |
| 4:55 | Create | Villager (Male) |
| 4:55 | Create | Villager (Male) |
| 4:56 | Create | Villager (Male) |
| 5:17 | Create | Villager (Male) |
| 5:17 | Create | Villager (Male) |
| 5:53 | Create | Villager (Male) |
| 5:53 | Create | Villager (Male) |
| 5:53 | Create | Villager (Male) |
| 6:19 | Create | Villager (Male) |
| 6:20 | Create | Villager (Male) |
| 6:20 | Create | Villager (Male) |
| 6:46 | Create | Villager (Male) |
| 7:07 | Create | Villager (Male) |
| 7:25 | Create | Villager (Male) |
| 7:25 | Create | Villager (Male) |
| 7:49 | Create | Villager (Male) |
| 7:50 | Create | Villager (Male) |
| 8:28 | Create | Villager (Male) |
| 8:28 | Create | Villager (Male) |
| 8:38 | Create | Villager (Male) |
| 9:07 | Create | Villager (Male) |
| 9:30 | Create | Villager (Male) |
| 9:31 | Create | Villager (Male) |
| 10:33 | Create | Villager (Male) |
| 10:34 | Create | Villager (Male) |
| 10:59 | Build | Mill |
| 11:08 | Create | Villager (Male) |
| 11:08 | Create | Villager (Male) |
| 11:08 | Create | Villager (Male) |
| 11:48 | Build | Mill |
| 12:53 | Build | Mining Camp |
| 13:37 | Research | Loom |
| 13:38 | Research | Loom |
| 14:11 | Research | Feudal Age |
| 14:11 | Research | Feudal Age |
| 15:00 | Build | Mill |
| 16:07 | Build | Barracks |
| 16:21 | Age | Feudal Age |
| 16:24 | Create | Villager (Male) |
| 16:25 | Create | Villager (Male) |
| 16:45 | Build | Archery Range |
| 16:51 | Build | Stable |
| 17:12 | Build | Market |
| 17:22 | Build | Blacksmith |
| 17:35 | Research | Wheelbarrow |
| 18:25 | Build | Mill |
| 19:26 | Build | Lumber Camp |
| 20:57 | Research | Castle Age |
| 20:57 | Research | Castle Age |
| 21:59 | Build | Mill |
| 22:49 | Build | Mining Camp |
| 23:11 | Research | Stone Mining |
| 23:17 | Research | Double-Bit Axe |
| 23:22 | Research | Horse Collar |
| 23:37 | Age | Castle Age |
| 24:00 | Create | Villager (Male) |
| 24:00 | Create | Villager (Male) |
| 24:00 | Create | Villager (Male) |
| 24:45 | Research | Hand Cart |
| 25:27 | Build | Mill |
| 26:49 | Build | Castle |
| 27:17 | Build | Castle |
| 27:44 | Research | Fletching |
| 28:28 | Build | University |
| 29:18 | Research | Murder Holes |
| 30:00 | Research | Bodkin Arrow |
Build order — a.mglass
119 actions detected in the replay
| 0:44 | Build | Town Center |
| 2:52 | Create | Villager (Male) |
| 2:52 | Create | Villager (Male) |
| 2:52 | Create | Villager (Male) |
| 2:53 | Create | Villager (Male) |
| 2:53 | Create | Villager (Male) |
| 2:59 | Build | House |
| 3:01 | Build | House |
| 3:02 | Build | House |
| 3:05 | Build | House |
| 3:32 | Research | Loom |
| 4:31 | Create | Villager (Male) |
| 5:15 | Build | Mill |
| 5:24 | Create | Villager (Male) |
| 5:38 | Create | Villager (Male) |
| 6:37 | Create | Villager (Male) |
| 6:37 | Create | Villager (Male) |
| 6:49 | Create | Villager (Male) |
| 7:38 | Create | Villager (Male) |
| 7:38 | Create | Villager (Male) |
| 9:13 | Create | Villager (Male) |
| 9:13 | Create | Villager (Male) |
| 10:33 | Create | Villager (Male) |
| 10:34 | Create | Villager (Male) |
| 11:24 | Create | Villager (Male) |
| 12:11 | Build | Lumber Camp |
| 12:23 | Create | Villager (Male) |
| 12:24 | Create | Villager (Male) |
| 12:44 | Research | Feudal Age |
| 13:01 | Build | Dock |
| 13:20 | Build | Dock |
| 13:29 | Create | Villager (Male) |
| 13:29 | Create | Villager (Male) |
| 13:49 | Build | Mining Camp |
| 14:07 | Create | Fishing Ship |
| 14:08 | Create | Fishing Ship |
| 14:29 | Create | Fishing Ship |
| 14:58 | Age | Feudal Age |
| 15:13 | Build | House |
| 15:16 | Build | House |
| 15:20 | Build | House |
| 15:25 | Create | Fishing Ship |
| 15:33 | Research | Wheelbarrow |
| 15:52 | Research | Double-Bit Axe |
| 16:06 | Build | Market |
| 16:17 | Create | Fishing Ship |
| 16:28 | Create | Villager (Male) |
| 16:28 | Create | Villager (Male) |
| 17:03 | Build | Barracks |
| 18:00 | Build | Stable |
| 18:09 | Create | Villager (Male) |
| 18:10 | Create | Villager (Male) |
| 18:22 | Create | Villager (Male) |
| 18:22 | Create | Villager (Male) |
| 18:27 | Create | Fishing Ship |
| 18:27 | Create | Fishing Ship |
| 18:41 | Build | House |
| 18:44 | Research | Arson |
| 18:45 | Create | Spearman |
| 18:46 | Create | Spearman |
| 19:04 | Build | Barracks |
| 19:11 | Create | Villager (Male) |
| 19:11 | Create | Villager (Male) |
| 19:27 | Research | Horse Collar |
| 20:14 | Build | Farm |
| 20:15 | Build | Farm |
| 20:17 | Build | Farm |
| 20:18 | Build | Farm |
| 20:20 | Build | Farm |
| 20:22 | Build | Farm |
| 20:24 | Build | Farm |
| 20:26 | Build | Farm |
| 20:34 | Create | Villager (Male) |
| 20:34 | Create | Villager (Male) |
| 20:46 | Build | House |
| 20:58 | Create | Scout Cavalry |
| 21:06 | Create | Villager (Male) |
| 21:07 | Create | Villager (Male) |
| 21:27 | Build | Farm |
| 21:31 | Build | Farm |
| 21:32 | Build | Farm |
| 21:34 | Build | Farm |
| 21:36 | Build | Farm |
| 21:37 | Build | Farm |
| 21:44 | Create | Spearman |
| 21:44 | Create | Spearman |
| 22:27 | Create | Spearman |
| 22:41 | Build | House |
| 22:52 | Create | Villager (Male) |
| 22:52 | Create | Villager (Male) |
| 23:19 | Create | Scout Cavalry |
| 23:29 | Create | Villager (Male) |
| 23:44 | Research | Castle Age |
| 24:16 | Build | Archery Range |
| 25:05 | Build | Farm |
| 25:18 | Build | Blacksmith |
| 25:22 | Create | Spearman |
| 25:22 | Create | Spearman |
| 25:28 | Research | Bloodlines |
| 25:53 | Create | Skirmisher |
| 25:53 | Create | Skirmisher |
| 26:12 | Create | Villager (Male) |
| 26:12 | Create | Villager (Male) |
| 26:43 | Create | Spearman |
| 26:43 | Create | Spearman |
| 26:47 | Age | Castle Age |
| 27:08 | Create | Knight |
| 27:08 | Create | Knight |
| 27:08 | Create | Knight |
| 27:18 | Build | Town Center |
| 28:58 | Build | Siege Workshop |
| 29:27 | Create | Battering Ram |
| 29:27 | Create | Battering Ram |
| 29:36 | Build | Siege Workshop |
| 30:14 | Build | House |
| 30:15 | Build | House |
| 30:15 | Build | House |
| 30:15 | Build | House |
| 30:15 | Build | House |
Build order — No Drama Lama
0 actions detected in the replay
Match timeline
| 7:56 | No Drama Lama · resign |
| 11:09 | leehunt85 · first_building Barracks |
| 13:01 | a.mglass · first_building Dock |
| 14:23 | leehunt85 · age_up feudal |
| 14:58 | a.mglass · age_up feudal |
| 15:16 | leehunt85 · first_building Stable |
| 16:07 | MrAlwaysWins · first_building Barracks |
| 16:21 | MrAlwaysWins · age_up feudal |
| 16:45 | MrAlwaysWins · first_building Archery Range |
| 16:51 | MrAlwaysWins · first_building Stable |
| 17:03 | a.mglass · first_building Barracks |
| 18:00 | a.mglass · first_building Stable |
| 18:05 | leehunt85 · first_building Archery Range |
| 20:43 | MrAlwaysWins · first_market_buy 100 food |
| 22:58 | a.mglass · first_market_buy 100 food |
| 23:02 | a.mglass · first_market_sell 100 wood |
| 23:37 | MrAlwaysWins · age_up castle |
| 24:16 | a.mglass · first_building Archery Range |
| 25:11 | leehunt85 · age_up castle |
| 26:47 | a.mglass · age_up castle |
| 26:49 | MrAlwaysWins · first_building Castle |
| 28:29 | leehunt85 · first_building Monastery |
| 28:58 | a.mglass · first_building Siege Workshop |
| 29:42 | MrAlwaysWins · first_market_sell 100 wood |
[ AI ANALYSIS · 1 CREDIT ]
What really happened in this match?
Wolo.gg analyzes every decision: build order, eco, micro, common mistakes by bracket. Personalized analysis on WhatsApp or Discord in 30 seconds.
Civ guide
Spanish
Map guide
Nomad
Perfil
leehunt85